AoeStats
← MJP

Arena

510288394Analyzed
1v1 RM · 1d ago on Sep 30, 2026· 51m 52s· 2 players
Game mode
Random Map
Map size
Tiny (2 player)
Population
200
Speed
Normal
Resources
Standard
Victory
Conquest
Starting age
Dark Age
Ending age
Imperial Age
RankedLock teamsTeams togetherTeam positionsShared explorationLock speedFull tech treeHidden civsTurbo modeCheats
Victory
Defeat
🇳🇱 Sicilians · Netherlands
880
+15
🇦🇹 Burgundians · Austria
860
-15
MJP
10:52 Feudal Age
14:36 Castle Age
12:38 Double-Bit Axe
16:08 Loom
22:12 Bow Saw
23:06 Wheelbarrow
23:50 Scale Barding Armor
23:45 Horse Collar
24:36 Husbandry
25:12 Forging
24:48 Light Cavalry
26:40 Scale Mail Armor
31:04 Heavy Plow
33:59 Imperial Age
33:22 Hand Cart
32:53 Town Watch
33:12 Stone Mining
33:13 Gold Mining
35:29 Hoardings
36:11 Ballistics
35:48 Murder Holes
36:14 Ballistics
36:05 Masonry
36:55 Conscription
38:34 Burgundian Vineyards
39:30 Crop Rotation
40:01 Architecture
39:42 Fortified Wall
40:34 Chemistry
41:36 Iron Casting
40:55 Fletching
42:29 Two-Man Saw
41:25 Man-at-Arms
44:50 Chain Barding Armor
47:35 Long Swordsman
48:07 Two-Handed Swordsman
50:20 Chain Mail Armor
51:05 Blast Furnace
50:07 Bodkin Arrow
50:24 Flemish Revolution
52:11 Plate Mail Armor
Jelleth_
1:59 Loom
10:26 Feudal Age
11:23 Double-Bit Axe
12:24 Wheelbarrow
17:19 Forging
17:09 Scale Mail Armor
18:51 Horse Collar
23:34 Castle Age
21:45 Gold Mining
22:15 Stone Mining
24:31 Hand Cart
27:17 Pikeman
29:08 Iron Casting
29:43 Chain Mail Armor
31:16 Heavy Plow
31:28 Bow Saw
39:17 Imperial Age
39:23 Gold Shaft Mining
39:17 Capped Ram
40:59 Blast Furnace
40:29 Plate Mail Armor
40:04 Squires
39:49 Arson
39:51 Gambesons
39:43 Elite Serjeant
41:49 Conscription
42:41 Halberdier
46:47 Crop Rotation
48:13 Siege Ram
49:21 First Crusade
49:50 Siege Engineers
Connection lost

Rejoining the realm…

Still unreachable

The connection could not be restored.

Session expired

The server has moved on; the page needs a fresh start.